 Dungeon Crawl Stone Soup version 0.31-a0-868-g674d60d6f7 (webtiles) character file.

Game seed: 11993486646349388270

1505 MachoJfn the Digger (level 8, -2/67 HPs)
             Began as a Troll Earth Elementalist on Oct 11, 2023.
             Was a Follower of Yredelemnul.
             Slain by an ice beast (7 damage)
             ... on level 6 of the Dungeon.
             The game lasted 00:26:14 (8002 turns).

MachoJfn the Digger (Troll Earth Elementalist)      Turns: 8002, Time: 00:26:15

Health: -2/67      AC:  5    Str: 17    XL:     8   Next: 52%
Magic:  14/14      EV: 10    Int: 13    God:    Yredelemnul [*.....]
Gold:   201        SH:  0    Dex: 10    Spells: 15/16 levels left

rFire   + . .        z - staff of earth
rCold   . . .        (no shield)
rNeg    + . .        a - +1 robe
rPois   .            (helmet restricted)
rElec   .            (no cloak)
rCorr   .            (gloves unavailable)
SInv    .            (boots unavailable)
Will    .....        s - amulet of the acrobat
Stlth   +            m - ring of positive energy
HPRegen 1.11/turn    k - ring of protection from fire
MPRegen 0.14/turn

%: acrobat
@: hasted, very quick
A: large, unfitting armour, claws 3, regeneration 1, shaggy fur 1, tough skin 1
a: Renounce Religion, Recall Undead Harvest


You were on level 6 of the Dungeon.
You worshipped Yredelemnul.
Yredelemnul was noncommittal.
You visited 2 branches of the dungeon, and saw 7 of its levels.

You collected 201 gold pieces.

Inventory:

Hand Weapons
 e - a +2 hand axe of protection
 o - a +2 vampiric spear
 r - a +0 mace of distortion
 u - a +1 short sword of electrocution
Missiles
 c - 4 atropa-tipped darts (quivered)
 d - 28 stones
 q - 14 poisoned darts
 v - 7 boomerangs
 y - a curare-tipped dart
Armour
 a - a +1 robe (worn)
Magical Staves
 z - a staff of earth (weapon)
 C - a staff of fire
Jewellery
 i - a ring of fire
 k - a ring of protection from fire (right claw)
 m - a ring of positive energy (left claw)
 p - a ring of resist corrosion
 s - an amulet of the acrobat (around neck)
Scrolls
 f - a scroll of blinking
 j - 3 scrolls of teleportation
 l - 2 scrolls of identify
 n - 4 scrolls of vulnerability
 x - 2 scrolls of amnesia
 B - 2 scrolls of silence
 D - a scroll of enchant armour
Potions
 b - a potion of magic
 h - 2 potions of mutation
 w - 4 potions of enlightenment
 F - 2 potions of degeneration


   Skills:
 + Level 0.2 Staves
 + Level 3.1 Dodging
 - Level 1.0 Stealth
 - Level 0.4 Unarmed Combat
 + Level 4.7 Spellcasting
 + Level 0.6 Transmutations
 + Level 6.9 Earth Magic


You had 15 spell levels left.
You knew the following spells:

 Your Spells              Type           Power      Damage    Failure   Level
a - Sandblast             Erth           62%        2d14      1%          1

Your spell library contained the following spells:

 Spells                   Type           Power      Damage    Failure   Level
 Passwall                 Tmut/Erth      15%        N/A       6%          2
 Stone Arrow              Conj/Erth      36%        3d9       14%         3
 Apportation              Tloc           6%         N/A       19%         1
 Necrotise                Necr           12%        1d4       19%         1
 Summon Small Mammal      Summ           12%        N/A       19%         1
 Petrify                  Tmut/Erth      19%        N/A       38%         4
 Brom's Barrelling Bould  Conj/Erth      18%        2d4       41%         4


Dungeon Overview and Level Annotations

Branches:
Dungeon (6/15)             Temple (1/1) D:4

Altars:
Ashenzari
Cheibriados
Elyvilon
Fedhas
Gozag
Kikubaaqudgha
Nemelex Xobeh
Okawaru
Sif Muna
Vehumet
Xom
Yredelemnul
The Shining One

Shops:
D:5 (


Innate Abilities, Weirdness & Mutations

You are too large for most types of armour.
You have claws for hands.
Your natural rate of healing is unusually fast.
You are covered in fur. (AC +1)
You have tough skin. (AC +1)


Message History

The kobold closely misses your bullfrog zombie.
Your adder zombie bites the orc warrior but does no damage.
Unknown command.
Your bullfrog zombie hits the ice beast.
The orc warrior closely misses you. The ice beast hits you.
The ice beast freezes you.
The kobold hits your bullfrog zombie with a +0 club.
Your adder zombie closely misses the orc warrior.
Your bullfrog zombie hits the ice beast but does no damage.
You feel less invigorated.
You feel less confused.
Your adder zombie bites the orc warrior.
The orc warrior barely misses you. The ice beast hits you.
The ice beast freezes you!
* * * LOW HITPOINT WARNING * * *
The kobold barely misses your bullfrog zombie.
Your bullfrog zombie closely misses the ice beast.
Okay, then.
You feel yourself speed up.
You are no longer corroded.
Your adder zombie barely misses the orc warrior.
Your bullfrog zombie hits the ice beast.
The orc warrior closely misses you.
The kobold closely misses your bullfrog zombie.
Casting: Sandblast (safe; 1% risk of failure)
Confirm with . or Enter, or press ? or * to list all spells.
Aiming: Sandblast (safe; 1% risk of failure)
Press: ? - help, Shift-Dir - straight line, f/p - orc warrior
Aim: an orc warrior, wielding a +0 short sword and wearing a +0 plate armour (heavily wounded, ally target, 84% to hit)
You feel a surge of power!
The blast of sand hits the orc warrior.
The orc warrior is heavily wounded.
Your bullfrog zombie hits the kobold.
Your adder zombie bites the orc warrior but does no damage.
The orc warrior hits you with a +0 short sword!
* * * LOW HITPOINT WARNING * * *
The ice beast hits you.
* * * LOW HITPOINT WARNING * * *
The ice beast freezes you!
You die...
Your body rises from the dead as a mindless zombie.

..#....#.####.
#.#......#....#.
######.#...#..####.#.
#......#.#.#....<..#.
#......#.#...###...#.
#......#..Z........#<
#......####...##...#.
#....................
#..Y@ZZ..###...#####.
####KoK..# #...###...
KKYK..###..)...)..
##............##)#.
#............##.#)
...####.......##...
.#### #............
#............
#.....<......


You could see an orc warrior (ally target), 2 ice beasts, a kobold brigand, 4
kobolds, a friendly adder zombie and a friendly bullfrog zombie.

Vanquished Creatures
  A water moccasin (D:6)
  An ice beast (D:6)
  3 ogres
  A phantom (D:4)
  A kobold brigand (D:6)
  A bullfrog (D:6)
  3 wights (D:6)
  4 jellies
  An orc priest (D:4)
  2 hounds
  3 orc wizards
  A sleepcap (D:5)
  2 iguanas
  A gnoll (D:1)
  4 adders
  A shadow imp (D:5)
  An ufetubus (D:4)
  A worm (D:2)
  4 dart slugs
  10 orcs
  5 bats
  11 endoplasms
  2 giant cockroaches
  5 goblins
  7 hobgoblins
  8 jackals
  6 quokkas
  4 ball pythons
  A frilled lizard (D:3)
  10 kobolds
  10 rats
115 creatures vanquished.

Vanquished Creatures (collateral kills)
  A sky beast (D:6)
  A wight (D:6)
  An adder (D:6)
  An endoplasm (D:4)
  A kobold (D:6)
  A rat (D:4)
6 creatures vanquished.

Vanquished Creatures (others)
  A water moccasin zombie (D:6)
  An ice beast zombie (D:6)
  An adder zombie (D:5)
  A jelly zombie (D:6)
  An endoplasm zombie (D:4)
  A kobold zombie (D:6)
  2 orc zombies (D:5)
8 creatures vanquished.

Grand Total: 129 creatures vanquished

Notes
Turn   | Place    | Note
-------+----------+-------------------------------------------
     0 | D:1      | MachoJfn the Troll Earth Elementalist began the quest for
                  | the Orb.
     0 | D:1      | Reached XP level 1. HP: 16/16 MP: 1/1
   166 | D:1      | Reached XP level 2. HP: 24/24 MP: 0/3
   381 | D:1      | Reached skill level 3 in Earth Magic
   683 | D:1      | Reached XP level 3. HP: 30/31 MP: 0/4
  1315 | D:2      | Identified the +3 mace of the Writhing Traitor {freeze,
                  | *Corrode MP+9 Str+5}
  2612 | D:3      | Reached XP level 4. HP: 34/39 MP: 5/5
  2645 | D:3      | Noticed an ogre
  2651 | D:3      | Killed an ogre
  2652 | D:3      | Reached skill level 4 in Earth Magic
  2652 | D:3      | Reached XP level 5. HP: 30/45 MP: 4/7
  3495 | D:4      | Noticed a phantom
  3500 | D:4      | Killed a phantom
  3501 | D:4      | Reached XP level 6. HP: 53/53 MP: 2/9
  3827 | D:4      | Found a staircase to the Ecumenical Temple.
  3860 | Temple   | Found a transporter.
  3860 | Temple   | Found a transporter.
  3860 | Temple   | Found a transporter.
  3860 | Temple   | Found a transporter.
  3860 | Temple   | Entered the Ecumenical Temple
  3895 | Temple   | Became a worshipper of Yredelemnul the Dark
  4360 | D:4      | Reached * piety under Yredelemnul
  4363 | D:4      | Reached skill level 5 in Earth Magic
  5994 | D:4      | Reached XP level 7. HP: 59/59 MP: 5/10
  6031 | D:4      | Reached ** piety under Yredelemnul
  6335 | D:5      | Entered Level 5 of the Dungeon
  6878 | D:5      | Found Bidan's Weapon Shoppe.
  7442 | D:6      | Reached skill level 6 in Earth Magic
  7466 | D:6      | Reached XP level 8. HP: 60/67 MP: 6/13
  8002 | D:6      | Slain by an ice beast

Illustrated notes

Levels and vault maps discovered:
D:1:      sevenhm_arrival_forest_fort_small_3, layout_basic,
          minmay_misc_feat_plants, amcnicky_mini_pool_small,
          nicolae_concentric_dashed_squares_mild
D:2:      layout_loops_corners, serial_bayou, serial_bayou_shore_b,
          serial_bayou_shore_a, serial_bayou_pond_a, serial_bayou_pond_d,
          serial_bayou_lagoon_a, serial_bayou_pond_a
D:3:      layout_basic
D:4:      cheibrodos_fertilizer, layout_basic, minmay_temple_entry_ruins,
          gup_sewer_entry_bubbles
D:5:      layout_rooms, serial_shops, shop
D:6:      layout_basic, bloody_trog, grunt_dithmenos_shadows,
          minmay_starry_boxes
Temple:   hellmonk_temple_divided_pantheon

Skill      XL: |  1  2  3  4  5  6  7  8 |
---------------+-------------------------+-----
Earth Magic    | 3 4 5 6 |  6.9
Dodging        | 2 3 |  3.1
Spellcasting   | 2 3 4 |  4.7
Staves         | |  0.2
Stealth        | |  1.0
Unarmed Combat | |  0.4
Transmutations | |  0.6

Action                     |  1- 3 |  4- 6 |  7- 9 || total
---------------------------+-------+-------+-------++-------
  Melee: Unarmed           |    45 |     7 |       ||    52
         Punch             |     1 |       |       ||     1
         Hand axe          |       |     4 |       ||     4
         Staff             |       |       |    12 ||    12
  Throw: Dart              |       |       |     1 ||     1
   Cast: Sandblast         |    49 |    60 |    79 ||   188
    Use: Scroll            |     9 |       |     9 ||    18
         Potion            |       |       |     2 ||     2
 Armour: Robe              |    70 |    31 |    88 ||   189
  Dodge: Dodged            |    48 |    26 |    49 ||   123

Table legend: (Time is in decaauts)
 A = Elapsed time spent in this place.
 B = Non-inter-level travel time spent in this place.
 C = Inter-level travel time spent in this place.
 D = Time resting spent in this place.
 E = Time spent auto-exploring this place.
 F = Levels seen in this place.
 G = Mean time per level.
                   A        B        C        D        E       F      G
               +--------+--------+--------+--------+--------+-----+--------+
         Total |   8092 |   7596 |    496 |   2494 |   4095 |   7 | 1156.0 |
       Dungeon |   7991 |   7502 |    489 |   2494 |   4095 |   6 | 1331.8 |
        Temple |    101 |     94 |      7 |      0 |      0 |   1 |  101.0 |
               +--------+--------+--------+--------+--------+-----+--------+

Top non-repeatable levels by time:
     D:4: 3149 daAuts
     D:2: 1336 daAuts
     D:1: 1135 daAuts
     D:5: 1112 daAuts
     D:3: 665 daAuts
     D:6: 592 daAuts
  Temple: 101 daAuts
